AoeStats
← Sorrateiro

Arabia

510112560Analyzed
4v4 RM · 4d ago on Sep 29, 2026· 25m 24s· 8 players
Game mode
Random Map
Map size
Large (8 player)
Population
200
Speed
Normal
Resources
Standard
Victory
Conquest
Starting age
Dark Age
Ending age
Imperial Age
RankedLock teamsTeams togetherTeam positionsShared explorationLock speedFull tech treeHidden civsTurbo modeCheats
Victory
Defeat
🇩🇰 Hindustanis · Denmark
1658
+9
🇧🇷 Vietnamese · Brazil
1597
+11
🇨🇳 Vietnamese · China
1594
+11
🇨🇴 Franks · Colombia
1438
+18
🇨🇳 Wei · China
1505
-13
🇫🇷 Magyars · France
1501
-13
🇪🇸 Japanese · Spain
1491
-12
🇨🇴 Ethiopians · Colombia
1449
-11
enzoyin68
8:30 Feudal Age
9:25 Double-Bit Axe
9:46 Loom
10:08 Horse Collar
16:32 Scale Barding Armor
18:38 Wheelbarrow
18:33 Forging
23:55 Castle Age
23:01 Bloodlines
25:04 Chain Barding Armor
Nobody
4:49 Loom
9:01 Feudal Age
10:19 Double-Bit Axe
16:23 Gold Mining
17:16 Fletching
22:05 Castle Age
22:03 Wheelbarrow
24:28 Bodkin Arrow
24:28 Crossbowman
25:35 Padded Archer Armor
Volrath
6:50 Loom
9:22 Feudal Age
10:21 Double-Bit Axe
12:42 Horse Collar
15:07 Fletching
16:31 Padded Archer Armor
20:03 Gold Mining
22:09 Wheelbarrow
25:40 Castle Age
24:35 Town Watch
JOK3R_LSR
6:30 Loom
8:59 Feudal Age
9:44 Double-Bit Axe
21:36 Castle Age
20:23 Bloodlines
20:06 Horse Collar
21:11 Scale Barding Armor
21:24 Gold Mining
21:40 Light Cavalry
yhoneyder.delrio
6:04 Loom
9:13 Feudal Age
9:48 Double-Bit Axe
21:08 Castle Age
19:40 Forging
20:12 Gold Mining
21:11 Light Cavalry
22:51 Iron Casting
Sorrateiro
3:11 Loom
11:45 Feudal Age
12:20 Town Watch
17:19 Castle Age
15:39 Double-Bit Axe
16:05 Stone Mining
16:40 Gold Mining
17:12 Horse Collar
17:41 Fletching
18:19 Bow Saw
20:34 Fletching
21:38 Ballistics
21:57 Bodkin Arrow
25:46 Padded Archer Armor
3409853472
6:51 Loom
9:20 Feudal Age
10:32 Horse Collar
13:53 Forging
14:12 Double-Bit Axe
15:22 Scale Barding Armor
18:25 Bloodlines
20:35 Wheelbarrow
24:55 Castle Age
23:02 Gold Mining
26:02 Hand Cart
yesila
7:02 Loom
9:16 Feudal Age
10:03 Double-Bit Axe
13:46 Fletching
16:12 Padded Archer Armor
17:50 Horse Collar
23:06 Castle Age
23:08 Gold Mining
23:09 Crossbowman
23:44 Bodkin Arrow
24:36 Wheelbarrow
24:12 Bow Saw
Connection lost

Rejoining the realm…

Still unreachable

The connection could not be restored.

Session expired

The server has moved on; the page needs a fresh start.